 Dungeon Crawl Stone Soup version 0.19.5 (webtiles) character file.

37 tidbits the Slasher (level 3, -1/24 HPs)
             Began as a High Elf Skald on Nov 14, 2017.
             Slain by an adder (3 damage)
             ... on level 3 of the Dungeon.
             The game lasted 00:03:51 (652 turns).

tidbits the Slasher (High Elf Skald)                 Turns: 652, Time: 00:03:52

Health: -1/24      AC:  3    Str: 12    XL:     3   Next: 21%
Magic:  6/8        EV: 11    Int: 16    God:
Gold:   72         SH:  0    Dex: 14    Spells: 4 memorised, 0 levels left

rFire  . . .     SeeInvis .     a - +0 falchion
rCold  . . .     Gourm    .     b - +0 leather armour
rNeg   . . .     Faith    .     (no shield)
rPois  .         Spirit   .     (no helmet)
rElec  .         Reflect  .     (no cloak)
rCorr  .         Harm     .     (no gloves)
MR     .....                    (no boots)
Stlth  +.........               (no amulet)
                                (no ring)
                                (no ring)

@: lethally poisoned (-1 -> -5), infused
A: no striking features
a: no special abilities


You were on level 3 of the Dungeon.
You were not hungry.

You visited 1 branch of the dungeon, and saw 3 of its levels.

You collected 72 gold pieces.

Inventory:

Hand Weapons
 a - a +0 falchion (weapon)
Missiles
 e - 51 arrows
Armour
 b - a +0 leather armour (worn)
 n - a +0 ring mail
   (You took it off an orc on level 3 of the Dungeon)
Scrolls
 f - 2 scrolls of remove curse {unknown}
 h - a scroll of random uselessness {unknown}
 i - a scroll of identify {unknown}
 l - a scroll of amnesia {unknown}
 m - 2 scrolls of blinking {unknown}
Potions
 g - a potion of curing
Books
 c - a book of Battle

   Spells                             Type                      Level
   a - Infusion                       Charms                       1
   b - Shroud of Golubria             Charms/Translocation         2
   c - Song of Slaying                Charms                       2
   d - Spectral Weapon                Hexes/Charms                 3
   e - Regeneration                   Charms/Necromancy            3
Comestibles
 d - a bread ration
 j - a meat ration
 k - a slice of pizza


   Skills:
 - Level 2.1 Fighting
 + Level 3.7 Long Blades
 - Level 1.1 Armour
 - Level 1.1 Dodging
 - Level 3.0 Spellcasting
 - Level 3.6 Charms


You couldn't memorise any spells.
You knew the following spells:

 Your Spells              Type           Power        Failure   Level  Hunger
g - Shroud of Golubria    Chrm/Tloc      #.........   17%         2    ##.....
i - Infusion              Chrm           ##..         8%          1    #......
w - Spectral Weapon       Hex/Chrm       #.......     34%         3    ###....
y - Song of Slaying       Chrm           ##......     12%         2    ##.....


Dungeon Overview and Level Annotations

Branches:
Dungeon (3/15)

Altars:


Message History

There is a stone staircase leading down here.
You climb downwards.
Found 7 gold pieces and 18 arrows.
There is a stone staircase leading up here.
You climb upwards.
There is a stone staircase leading down here.
Your magical infusion is running out.
There is a stone staircase leading down here.
You climb downwards.
There is a stone staircase leading up here.
Found a scroll labeled BEDWUAL NO HEMOSI.
Found a whip.
You are no longer magically infusing your attacks.
Found a mace.
m - a scroll labeled BEDWUAL NO HEMOSI You see here a whip.
e - 51 arrows (gained 18)
You now have 72 gold pieces (gained 7).
An orc comes into view. It is wielding a falchion.
The orc shouts!
The orc moves out of view.
Found a scroll labeled BEDWUAL NO HEMOSI.
The orc hits you with a falchion.
Found a scroll labeled ENIFUBBEROD.
Casting: Infusion
Confirm with . or Enter, or press ? or * to list all spells.
You begin infusing your attacks with magical energy.
The orc hits you with a falchion!
* * * LOW HITPOINT WARNING * * *
You hit the orc.
The orc is heavily wounded.
The orc barely misses you.
You riposte.
You hit the orc.
You kill the orc!
Things that are here:
a falchion; a ring mail Wield which item (- for none, * to show all)? (? for menu, Esc to quit)
c - a book of Battle (in hand)
You swing at nothing.
You swing at nothing.
You swing at nothing.
Your magical infusion is running out.
n - a ring mail You swing at nothing.
You swing at nothing.
You swing at nothing.
You swing at nothing.
You are no longer magically infusing your attacks.
You swing at nothing.
You swing at nothing.
You swing at nothing.
You swing at nothing.
You swing at nothing.
You swing at nothing.
You swing at nothing.
You swing at nothing.
Wield which item (- for none, * to show all)? (? for menu, Esc to quit)
a - a +0 falchion (weapon)
m - 2 scrolls labeled BEDWUAL NO HEMOSI (gained 1)
An adder comes into view.
Found a beef jerky.
Found a stone staircase leading down.
The adder hisses angrily.
Casting: Infusion
Confirm with . or Enter, or press ? or * to list all spells.
You begin infusing your attacks with magical energy.
The adder bites you but does no damage.
You hit the adder.
The adder is moderately wounded.
The adder bites you.
* * * LOW HITPOINT WARNING * * *
You miss the adder.
The adder is moderately wounded.
The adder barely misses you.
You hit the adder.
The adder is almost dead.
The adder barely misses you. The adder bites you.
* * * LOW HITPOINT WARNING * * *
You barely miss the adder.
The adder is almost dead.
The adder closely misses you.
You barely miss the adder.
The adder is almost dead.
The adder bites you.
* * * LOW HITPOINT WARNING * * *
You are lethally poisoned!
The adder poisons you! The adder barely misses you.
It was a potion of curing.
You feel better. The adder bites you.
* * * LOW HITPOINT WARNING * * *
You are poisoned.
The adder poisons you!
You miss the adder.
The adder is almost dead.
You feel sick. The adder closely misses you. The adder bites you.
* * * LOW HITPOINT WARNING * * *
You closely miss the adder.
The adder is almost dead.
The adder bites you but does no damage.
You miss the adder.
The adder is almost dead.
The adder bites you.
You die...

. ###.. #.... ###..# #
#####...###...
#...........# ##
#.#####.#.#)...######.
#...........########..
..##@..##.##........#
#.S##........<#####
#.......##....#
......##########
#..##### #># .. #%.


You could see an adder.

Vanquished Creatures
  An adder (D:2)
  An ooze (D:1)
  A dart slug (D:1)
  An orc (D:3)
  A bat (D:1)
  A giant cockroach (D:2)
  3 goblins (D:1)
  A hobgoblin (D:2)
  3 jackals (D:1)
  3 kobolds
  4 rats (D:1)
20 creatures vanquished.

Notes
Turn   | Place    | Note
-------+----------+-------------------------------------------
     0 | D:1      | tidbits the High Elf Skald began the quest for the Orb.
     0 | D:1      | Reached XP level 1. HP: 14/14 MP: 4/4
    70 | D:1      | Reached skill level 1 in Armour
   161 | D:1      | Reached skill level 3 in Spellcasting
   161 | D:1      | Reached XP level 2. HP: 11/19 MP: 0/7
   308 | D:1      | Reached skill level 3 in Long Blades
   535 | D:2      | Reached XP level 3. HP: 21/24 MP: 3/8
   539 | D:2      | Learned a level 2 spell: Song of Slaying
   542 | D:2      | Learned a level 2 spell: Shroud of Golubria
   546 | D:2      | Learned a level 3 spell: Spectral Weapon
   648 | D:3      | HP: 2/24 [adder (4)]
   652 | D:3      | Slain by an adder

Skill      XL: |  1  2 |
---------------+-------+-----
Armour         | 1 |  1.1
Spellcasting   | 3 |  3.0
Long Blades    | 3 |  3.7
Fighting       | |  2.1
Dodging        | |  1.1
Charms         | |  3.6

Action                   || total
-------------------------++-------
Melee: Falchion          ||    47
 Cast: Infusion          ||    10
  Use: Potion            ||     1
Armor: Leather armour    ||     7
Dodge: Dodged            ||    23
       Rpst.: Falchion   ||    10

Table legend:
 A = Turns spent in this place as a percentage of turns spent in the entire game.
 B = Non-inter-level travel turns spent in this place as a percentage of non-inter-level travel turns spent in the entire game.
 C = Inter-level travel turns spent in this place as a percentage of turns spent in this place.
 D = Turns resting spent in this place as a percentage of non-inter-level travel turns spent in this place.
 E = Turns spent auto-exploring this place as a percentage of non-inter-level travel turns spent in this place.
 F = Non-inter-level travel turns spent in this place divided by the number of levels of this place that you've seen.
                   A       B       C       D       E      F
               +-------+-------+-------+-------+-------+----------------------
         Total | 100.0 | 100.0 |   0.3 |   0.0 |   0.0 | 192.7
       Dungeon | 100.0 | 100.0 |   0.3 |   0.0 |   0.0 | 192.7
               +-------+-------+-------+-------+-------+----------------------

Table legend:
 A = Kills in this place as a percentage of kills in entire the game.
 B = Kills by you in this place as a percentage of kills by you in the entire game.
 C = Kills by friends in this place as a percentage of kills by friends in the entire game.
 D = Other kills in this place as a percentage of other kills in the entire game.
 E = Experience gained in this place as a percentage of experience gained in the entire game.
 F = Experience gained in this place divided by the number of levels of this place that you have seen.
                   A       B       C       D       E      F
               +-------+-------+-------+-------+-------+----------------------
         Total | 100.0 | 100.0 |  -nan |  -nan | 100.0 |  17.7
       Dungeon | 100.0 | 100.0 |  -nan |  -nan | 100.0 |  17.7
               +-------+-------+-------+-------+-------+----------------------

Vault maps used:
D:1:      minmay_arrival_nine_rooms, serial_co_window_serial, co_window_paths_a,
          co_window_paths_a, co_window_corner_a, co_window_paths_a,
          co_window_paths_b, co_window_corner_b, co_window_cross_2,
          co_window_paths_c, co_window_cross_3, glass_columns_a,
          glass_columns_b, minivault_24
D:2:      minmay_mini_jars
